 Dungeon Crawl Stone Soup version 0.17-a0-1311-gbcbd859 (webtiles) character file.

493 Kidiri the Conjurer (level 6, 0/50 HPs)
             Began as a Draconian Conjurer on June 8, 2015.
             Succumbed to emiel's ghost's poison
             ... in the Ecumenical Temple.
             The game lasted 00:23:02 (5077 turns).

Kidiri the Conjurer (Draconian Conjurer)            Turns: 5077, Time: 00:23:02

Health: 0/50       AC:  9    Str: 11    XL:     6   Next: 92%
Magic:  6/11       EV: 12    Int: 17    God:
Gold:   117        SH:  0    Dex: 11    Spells: 4 memorised, 2 levels left

rFire  . . .     SeeInvis .     k - +0 short sword (venom)
rCold  . . .     Clarity  .     (armour unavailable)
rNeg   . . .     SustAt   .     (no shield)
rPois  +         Gourm    .     (helmet restricted)
rElec  .         Spirit   .     (no cloak)
rCorr  .         Warding  .     f - +1 pair of gloves
rMut   .         Stasis   .     i - +0 pair of boots
MR     .....                    p - amulet of rage
Stlth  ++........               (no ring)
                                e - ring of poison resistance

@: lethally poisoned (0 -> -6), not resistant to hostile enchantments,
unstealthy
A: unfitting armour, cold-blooded, AC +6
a: Evoke Berserk Rage


You were in the Ecumenical Temple.
You were not hungry.

You visited 2 branches of the dungeon, and saw 5 of its levels.

You collected 117 gold pieces.

Inventory:

Hand weapons
 c - a +1 short sword
 k - a +0 short sword of venom (weapon)
Armour
 f - a +1 pair of gloves (worn)
 i - a +0 pair of boots (worn)
Jewellery
 e - a ring of poison resistance (left hand)
 p - an amulet of rage (around neck)
Magical devices
 h - a wand of frost (24)
 j - a wand of digging (13)
Scrolls
 m - 3 scrolls of identify
 o - a scroll of fear
 q - a scroll of fog
Books
 a - a book of Conjurations

   Spells                             Type                      Level
   a - Magic Dart                     Conjuration                  1
   b - Searing Ray                    Conjuration                  2
   c - Dazzling Spray                 Conjuration/Hexes            3
   d - Fulminant Prism                Conjuration/Hexes            4
   e - Iskenderun's Mystic Blast      Conjuration                  4
   f - Iskenderun's Battlesphere      Conjuration/Charms           5
Comestibles
 b - 2 bread rations
 g - a meat ration


   Skills:
 + Level 2.9 Fighting
 + Level 3.0 Dodging
 * Level 4.3 Stealth
 * Level 3.8 Spellcasting
 + Level 4.8 Conjurations


You had 2 spell levels left.
You knew the following spells:

 Your Spells              Type           Power        Failure   Level  Hunger
a - Magic Dart            Conj           ###.         2%          1    None
b - Searing Ray           Conj           ###...       3%          2    ##.....
c - Dazzling Spray        Conj/Hex       ##......     21%         3    ###....
d - Iskenderun's Mystic   Conj           ###.....     24%         4    ####...


Dungeon Overview and Level Annotations

Branches:
Dungeon (4/15)             Temple (1/1) D:4

Altars:
Dithmenos
Elyvilon
Fedhas
Gozag
Kikubaaqudgha
Makhleb
Okawaru
Ru
Trog
Vehumet
Xom
Zin
The Shining One

Annotations:
D:3 Fluffy's ghost, average GrFi
D:4 emiel's ghost, experienced NaWn


Innate Abilities, Weirdness & Mutations

Your plain brown scales are hard (AC +6).
Your body does not fit into most forms of armour.
You are cold-blooded and may be slowed by cold attacks.


Message History

* * * LOW HITPOINT WARNING * * *
You feel sick.
* * * LOW HITPOINT WARNING * * *
You feel sick.
There is a fountain of clear blue water here.
* * * LOW HITPOINT WARNING * * *
You feel sick.
* * * LOW HITPOINT WARNING * * *
You feel sick.
* * * LOW HITPOINT WARNING * * *
You feel sick.
* * * LOW HITPOINT WARNING * * *
You feel sick.
* * * LOW HITPOINT WARNING * * *
You feel sick.
* * * LOW HITPOINT WARNING * * *
You feel sick.
* * * LOW HITPOINT WARNING * * *
You feel sick.
You die...

##.................⌠...⌠.........
#................................
#................................
#......._.......⌠....<....⌠......
#................................
#................................
##.................⌠...⌠.........
#........_....................._
##.............@................
##.............................
##........._............._....
###.............._...........
###........................
####...................##
#####...........#####
#############


There were no monsters in sight!

Vanquished Creatures
  Duvessa (D:4)
  Purgy (D:4)
  Dowan (D:4)
  An orc wizard (D:3)
  Natasha (thrice) (D:2)
  A worker ant (D:3)
  5 adders
  An ooze (D:4)
  An adder skeleton (D:4)
  4 worms
  3 giant geckos
  5 orcs (D:3)
  2 ball pythons
  A bat skeleton (D:4)
  3 giant cockroaches
  16 goblins
  8 hobgoblins
  7 jackals
  A quokka (D:2)
  8 bats
  8 giant newts
  8 kobolds
  5 rats
94 creatures vanquished.

Notes
Turn   | Place    | Note
--------------------------------------------------------------
     0 | D:1      | Kidiri the Draconian Conjurer began the quest for the Orb.
     0 | D:1      | Reached XP level 1. HP: 14/14 MP: 3/3
   561 | D:1      | Reached XP level 2. HP: 20/20 MP: 5/5
   565 | D:1      | Learned a level 2 spell: Searing Ray
  1268 | D:2      | Reached XP level 3. HP: 27/27 MP: 6/6
  1273 | D:2      | Learned a level 3 spell: Dazzling Spray
  1315 | D:2      | Noticed Natasha
  1324 | D:2      | Killed Natasha
  1402 | D:2      | Reached XP level 4. HP: 30/34 MP: 7/7
  1404 | D:2      | Reached skill level 1 in Fighting
  1641 | D:2      | Noticed Natasha
  1652 | D:2      | Killed Natasha
  1742 | D:2      | Noticed Natasha
  1766 | D:2      | Killed Natasha
  2667 | D:3      | Reached XP level 5. HP: 41/41 MP: 5/9
  2728 | D:3      | Noticed Fluffy's ghost (average GrFi)
  3666 | D:3      | Found an opulent altar of Gozag.
  3951 | D:4      | Learned a level 4 spell: Iskenderun's Mystic Blast
  4265 | D:4      | Noticed Duvessa
  4265 | D:4      | Noticed Dowan
  4288 | D:4      | Killed Duvessa
  4288 | D:4      | Reached XP level 6. HP: 17/50 MP: 3/11
  4315 | D:4      | Killed Dowan
  4573 | D:4      | Noticed Purgy
  4604 | D:4      | Killed Purgy
  4834 | D:4      | Found a staircase to the Ecumenical Temple.
  4835 | D:4      | Noticed emiel's ghost (experienced NaWn)
  4871 | Temple   | Entered the Ecumenical Temple
  5074 | Temple   | HP: 2/50 [poisoned by emiel's ghost]
  5077 | Temple   | Succumbed to emiel's ghost's poison

Vault maps used:
D:1:      dpeg_arrival_sounds_slurp
D:2:      uniq_natasha
D:3:      lemuel_doored_altar
D:4:      minmay_temple_entry_crystal_x, serial_shops, shop, uniq_duvessa,
          uniq_purgy
Temple:   circular_temple_12

Action                   |  1- 3 |  4- 6 || total
-------------------------+-------+-------++-------
Melee: Short sword       |    63 |   176 ||   239
       Unarmed           |     2 |       ||     2
 Cast: Magic Dart        |    15 |    51 ||    66
       Searing Ray       |     1 |    13 ||    14
       Iskenderun's Myst |       |     4 ||     4
  Use: Scroll            |     2 |     8 ||    10
       Potion            |     1 |     6 ||     7
 Stab: Sleeping          |     5 |     2 ||     7
  Eat: Meat ration       |     1 |       ||     1
       Chunk             |       |     9 ||     9
       Pizza             |       |     1 ||     1
